 Dungeon Crawl Stone Soup version 0.30.1-3-gfc49f6343a (webtiles) character file.

Game seed: 4361329237554507906

700 CaptainMV the Digger (level 7, -1/47 HPs)
             Began as a Demonspawn Wanderer on July 27, 2023.
             Slain by a gnoll
             ... wielding a +0 halberd
             ... led by a gnoll sergeant
              (8 damage)
             ... on level 5 of the Dungeon.
             The game lasted 00:30:45 (2872 turns).

CaptainMV the Digger (Demonspawn Wanderer)          Turns: 2872, Time: 00:30:47

Health: -1/47      AC:  3    Str: 10    XL:     7   Next: 38%
Magic:  5/14       EV:  6    Int: 19    God:
Gold:   279        SH:  0    Dex: 15    Spells: 12/15 levels left

rFire   . . .        a - +0 dagger
rCold   . . .        (no shield)
rNeg    . . .        d - +0 robe
rPois   .            (no helmet)
rElec   .            (no cloak)
rCorr   .            (no gloves)
SInv    .            b - +0 pair of boots
Will    .....        (no amulet)
Stlth   ++           (no ring)
HPRegen 0.27/turn    (no ring)
MPRegen 0.14/turn

%: no passive effects
@: held
A: big brain 2, weakness stinger 1
a: no special abilities


You were on level 5 of the Dungeon.
You visited 1 branch of the dungeon, and saw 5 of its levels.

You collected 279 gold pieces.

Inventory:

Hand Weapons
 a - a +0 dagger (weapon)
Missiles
 n - 2 javelins
 r - 2 poisoned darts (quivered)
Armour
 b - a +0 pair of boots (worn)
 d - a +0 robe (worn)
 s - a +2 kite shield
Jewellery
 i - an amulet of faith
 m - a ring of positive energy
Scrolls
 c - a scroll of vulnerability
 e - 5 scrolls of teleportation
 j - a scroll of enchant weapon
 k - a scroll of fear
 t - a scroll of noise
Potions
 f - 4 potions of curing
 h - 2 potions of lignification
 l - 2 potions of cancellation {unknown}
 o - a potion of attraction
 p - a potion of might
 q - a potion of haste
 u - a potion of magic {unknown}


   Skills:
 + Level 0.8 Fighting
 + Level 1.2 Short Blades
 + Level 1.6 Dodging
 + Level 2.9 Stealth
 + Level 1.0 Unarmed Combat
 + Level 4.7 Spellcasting
 + Level 1.2 Transmutations
 + Level 5.7 Earth Magic
 + Level 1.2 Invocations


You had 12 spell levels left.
You knew the following spells:

 Your Spells              Type           Power      Damage    Failure   Level
a - Sandblast             Erth           52%        2d12      1%          1
b - Passwall              Tmut/Erth      14%        N/A       4%          2

Your spell library contained the following spells:

 Spells                   Type           Power      Damage    Failure   Level
 Petrify                  Tmut/Erth      17%        N/A       30%         4
 Mephitic Cloud           Conj/Pois/Air  4%         N/A       36%         3
 Ice Form                 Ice/Tmut       6%         N/A       69%         4
 Eringya's Noxious Bog    Tmut/Pois      3%         N/A       100%        6
 Storm Form               Tmut/Air       3%         N/A       100%        7


Dungeon Overview and Level Annotations

Branches:
Dungeon (5/15)
 Temple: D:4-7

Altars:
Cheibriados
Fedhas
Gozag
Hepliaklqana
Okawaru

Shops:
D:3 (


Innate Abilities, Weirdness & Mutations

You have an extremely huge brain. (Int +4)
You have a small tail.


Message History

Press: ? - help, Shift-Dir - straight line, f/p - gnoll
Aim: a gnoll, wielding a +0 spear (85% to hit)
The blast of sand hits the gnoll!
You kill the gnoll!
Casting: Sandblast (safe; 1% risk of failure)
Confirm with . or Enter, or press ? or * to list all spells.
Aiming: Sandblast (safe; 1% risk of failure)
Press: ? - help, Shift-Dir - straight line, f - gnoll
Aim: a gnoll, wielding a +0 spear and quivering a throwing net (85% to hit)
The blast of sand hits the gnoll!
The gnoll is severely wounded.
The gnoll hits you from afar with a +0 spear.
* * * LOW HITPOINT WARNING * * *
The gnoll barely misses you.
Casting: Sandblast (safe; 1% risk of failure)
Confirm with . or Enter, or press ? or * to list all spells.
Aiming: Sandblast (safe; 1% risk of failure)
Press: ? - help, Shift-Dir - straight line, f/p - gnoll
Aim: a gnoll, wielding a +0 spear and quivering a throwing net (severely wounded, 85% to hit)
The blast of sand hits the gnoll.
The gnoll is almost dead.
The gnoll hits you from afar with a +0 spear.
* * * LOW HITPOINT WARNING * * *
Casting: Sandblast (safe; 1% risk of failure)
Confirm with . or Enter, or press ? or * to list all spells.
Aiming: Sandblast (safe; 1% risk of failure)
Press: ? - help, Shift-Dir - straight line, f/p - gnoll
Aim: a gnoll, wielding a +0 spear and quivering a throwing net (almost dead, 85% to hit)
The blast of sand hits the gnoll!
You kill the gnoll!
The gnoll barely misses you.
Casting: Sandblast (safe; 1% risk of failure)
Confirm with . or Enter, or press ? or * to list all spells.
Aiming: Sandblast (safe; 1% risk of failure)
Press: ? - help, Shift-Dir - straight line, f - gnoll
Aim: a gnoll, wielding a +0 halberd (85% to hit)
The blast of sand hits the gnoll!
The gnoll is severely wounded.
The gnoll hits you from afar with a +0 halberd!
You die...

##g##.####..## ##
#........... .#
##.....###.## .# ##
)......##...####.###....
##........#.....#....#
##.##..##.>.####.#
...###.###.## #.#
#...##.# #.# #.#
##..##.# #.#####@#
#..##.# #.....#)###
#..##.###.###.#.g.#
#..##.##..# #.###.#
##..##.#P.P#
#.##.....###
.......##.##
#.##.g##..## ##..#####.#
####..# ## ##..#.. #.#
.Z# #..# ....#..P#.#P.n#
#...


You could see a gnoll.

Vanquished Creatures
  An ice beast (D:5)
  2 ogres
  A centaur (D:5)
  A phantom (D:5)
  A scorpion (D:5)
  Jessica (D:3)
  4 gnolls (D:5)
  6 adders
  2 white imps
  An ufetubus (D:5)
  2 worms
  3 dart slugs
  5 orcs (D:3)
  7 bats
  10 endoplasms
  A giant cockroach (D:1)
  7 goblins
  5 hobgoblins
  4 quokkas
  6 ball pythons
  2 frilled lizards
  7 kobolds
  6 rats
85 creatures vanquished.

Notes
Turn   | Place    | Note
-------+----------+-------------------------------------------
     0 | D:1      | CaptainMV the Demonspawn Wanderer began the quest for the
                  | Orb.
     0 | D:1      | CaptainMV set off with the following items: a +0 dagger, a
                  | +0 pair of boots, a scroll of vulnerability, a +0 robe, a
                  | scroll of teleportation; and the following spell memorised:
                  | Sandblast; and the following spells available to memorise:
                  | Passwall, Petrify.
     0 | D:1      | Reached XP level 1. HP: 13/13 MP: 2/2
   122 | D:1      | Gained mutation: You have an unusually large brain. (Int
                  | +2) [demonic ancestry]
   122 | D:1      | Reached XP level 2. HP: 10/19 MP: 0/3
   226 | D:1      | Got the Folio of Variation and Infection
   238 | D:1      | Reached skill level 4 in Earth Magic
   279 | D:1      | Learned a level 2 spell: Passwall
   649 | D:1      | Reached XP level 3. HP: 24/24 MP: 3/5
  1070 | D:2      | Reached XP level 4. HP: 30/30 MP: 5/7
  1248 | D:3      | Found a faded altar of an unknown god.
  1253 | D:3      | Found a hazy altar of Hepliaklqana.
  1305 | D:3      | Noticed Jessica
  1310 | D:3      | Killed Jessica
  1410 | D:3      | Found an iron altar of Okawaru.
  1453 | D:3      | Found Asonodex's Weapon Shoppe.
  1495 | D:3      | Gained mutation: You have an extremely huge brain. (Int +4)
                  | [demonic ancestry]
  1495 | D:3      | Reached XP level 5. HP: 15/35 MP: 4/8
  1548 | D:3      | Reached skill level 1 in Short Blades
  1615 | D:3      | Found a snail-covered altar of Cheibriados.
  1783 | D:4      | Noticed an ogre
  1787 | D:4      | Killed an ogre
  1892 | D:4      | Found an opulent altar of Gozag.
  2337 | D:5      | Entered Level 5 of the Dungeon
  2384 | D:5      | Noticed an ogre
  2391 | D:5      | Killed an ogre
  2392 | D:5      | Reached skill level 5 in Earth Magic
  2392 | D:5      | Reached XP level 6. HP: 34/42 MP: 5/11
  2424 | D:5      | Reached skill level 1 in Transmutations
  2461 | D:5      | Gained mutation: You have a small tail. [demonic ancestry]
  2461 | D:5      | Reached XP level 7. HP: 19/47 MP: 2/13
  2713 | D:5      | Found a blossoming altar of Fedhas.
  2872 | D:5      | Slain by a gnoll

Illustrated notes

Levels and vault maps discovered:
D:1:      ebering_hopf_link, layout_basic, item_on_display_a
D:2:      layout_loops_corners
D:3:      layout_loops_cross, okawaru_metal_pillars_1_2, kennysheep_slug_shrine,
          nicolae_overflow_ecumenical_swirl, serial_shops, shop, uniq_jessica
D:4:      layout_basic, mainiacjoe_overflow_24_doors, kennysheep_little_box
D:5:      layout_loops_ring, mainiacjoe_overflow_alcove_4,
          fedhas_altar_decomposition, temple_doors_ab, ebering_ghost_sewer_d

Skill      XL: |  1  2  3  4  5  6 |
---------------+-------------------+-----
Stealth        | 2 |  2.9
Earth Magic    | 4 5 |  5.7
Spellcasting   | 2 3 4 |  4.7
Short Blades   | 1 |  1.2
Transmutations | 1 |  1.2
Fighting       | |  0.8
Dodging        | |  1.6
Unarmed Combat | |  1.0
Invocations    | |  1.2

Action                     |  1- 3 |  4- 6 |  7- 9 || total
---------------------------+-------+-------+-------++-------
  Melee: Dagger            |    56 |    17 |     1 ||    74
         Punch             |     2 |     1 |       ||     3
   Cast: Sandblast         |    38 |    59 |    16 ||   113
         Passwall          |     7 |    10 |     2 ||    19
    Use: Potion            |     1 |     2 |     1 ||     4
         Scroll            |     3 |     7 |       ||    10
   Stab: Sleeping          |     9 |     4 |     1 ||    14
 Armour: Robe              |    20 |     9 |     2 ||    31
  Dodge: Dodged            |    41 |    27 |     6 ||    74
